 Dungeon Crawl Stone Soup version 0.30-a0-949-g53dc5368d7 (webtiles) character file.

Game seed: 17619295183718244802

172 qeuew the Cudgeller (level 5, -7/42 HPs)
             Began as a Demonspawn Chaos Knight on Mar 27, 2023.
             Was a Plaything of Xom.
             Mangled by an ogre
             ... wielding a +0 giant club
              (16 damage)
             ... on level 4 of the Dungeon.
             The game lasted 00:03:38 (2238 turns).

qeuew the Cudgeller (Demonspawn Chaos Knight)       Turns: 2238, Time: 00:03:38

Health: -7/42      AC:  9    Str: 23    XL:     5   Next: 27%
Magic:  5/5        EV: 11    Int: 13    God:    Xom [*.....]
Gold:   111        SH:  4    Dex: 10    Spells: 4/4 levels left

rFire   . . .      SeeInvis .    h - staff of conjuration "Xeumy" {Str+8}
rCold   . . .      Faith    .    (no shield)
rNeg    . . .      Spirit   .    b - +2 leather armour
rPois   +          Reflect  .    (no helmet)
rElec   .          Rampage  .    e - +2 cloak
rCorr   .          Rnd*Tele +    (no gloves)
Will    .....                    (no boots)
Stlth   +                        (no amulet)
HPRegen 0.27/turn                i - ring of poison resistance
MPRegen 0.09/turn                (no ring)

@: no status effects
A: rugged brown scales 1, demonic guardian 1, condensation shield, clumsy 1,
deterioration 1, teleportitis 1
a: Renounce Religion


You were on level 4 of the Dungeon.
You worshipped Xom.
You were a special plaything of Xom.
You visited 1 branch of the dungeon, and saw 4 of its levels.

You collected 111 gold pieces.

Inventory:

Hand Weapons
 a - a +0 mace of chaos
Armour
 b - a +2 leather armour (worn)
 e - a +2 cloak (worn)
Magical Staves
 h - the staff of conjuration "Xeumy" (weapon) {Str+8}
   (You acquired it on level 3 of the Dungeon)

   [staff of conjuration]

   Base accuracy: +5 Base damage: 5 Base attack delay: 1.2 This weapon's minimum
   attack delay (0.6) is reached at skill level 12.
   Str:       It affects your strength (+8).
   It falls into the 'Staves' category.
   It is a one-handed weapon.
Jewellery
 i - a ring of poison resistance (left hand)
Wands
 f - a wand of acid (7)
Scrolls
 d - a scroll of fog
Potions
 g - a potion of invisibility
Miscellaneous
 c - a piece from Xom's chessboard (15/15) (quivered)


   Skills:
 + Level 3.6 Fighting
 - Level 3.7 Maces & Flails
 * Level 0.1(2.2) Staves
 * Level 3.1 Armour
 + Level 1.7 Dodging
 + Level 0.0 Conjurations
 + Level 1.3 Evocations


You had 4 spell levels left.
You didn't know any spells.
Your spell library contained the following spells:

 Spells                   Type           Power      Damage    Failure   Level
 Kiss of Death            Conj/Necr      0%         2d5       34%         1
 Sting                    Tmut/Pois      0%         1d3       34%         1
 Lesser Beckoning         Tloc           0%         N/A       47%         2
 Poisonous Vapours        Pois/Air       0%         N/A       47%         2
 Confusing Touch          Hex            0%         N/A       71%         3
 Gell's Gravitas          Tloc           0%         N/A       71%         3
 Teleport Other           Tloc           0%         N/A       71%         3
 Dispel Undead            Necr           0%         3d6       98%         4
 Olgreb's Toxic Radiance  Pois           0%         N/A       98%         4


Dungeon Overview and Level Annotations

Branches:
Dungeon (4/15)
 Temple: D:4-7

Altars:
Hepliaklqana
Trog

Shops:
D:1 =


Innate Abilities, Weirdness & Mutations

You are partially covered in rugged brown scales. (AC +1, +3% HP)
A weak demonic guardian rushes to your aid.
A meltable shield of frost defends you. (SH +4)
You are clumsy. (Dex -2)
Your body sometimes deteriorates upon taking damage.
You are occasionally teleported next to monsters.


Message History

You closely miss the adder.
The adder is moderately wounded.
The adder barely misses you.
You barely miss the adder.
The adder is moderately wounded.
The adder bites you but does no damage. You block the adder's attack.
You hit the adder.
The adder is almost dead.
The adder closely misses you.
You miss the adder.
The adder is almost dead.
The adder misses you. You block the adder's attack.
You hit the adder.
You kill the adder!
You completely miss the ogre. The ogre closely misses you.
You barely miss the ogre. The ogre hits you with a +0 giant club!
You hit the ogre.
The ogre is lightly wounded.
You hit the ogre.
The ogre is moderately wounded.
The ogre misses you.
You completely miss the ogre.
The ogre is moderately wounded.
The ogre barely misses you.
You hit the ogre.
The ogre is heavily wounded.
You hit the ogre.
The ogre is heavily wounded.
The ogre hits you with a +0 giant club!!
Ouch! That really hurt!
* * * LOW HITPOINT WARNING * * *
A demonic guardian appears!
You hit the ogre but do no damage.
The ogre is heavily wounded.
The ogre barely misses you.
You hit the ogre.
The ogre is severely wounded.
The ogre hits you with a +0 giant club!
You die...
Xom snickers!

.# .# .#
.######
.......
.......
#####.......
#.5@O.......
#.######.##.
#.#....#
#......#
###.######
#.....<#
#..#####
#..# #...


You could see an ogre (ally target) and a friendly ufetubus (summoned).

Vanquished Creatures
  A hound (D:3)
  6 adders
  A worm (D:2)
  A dart slug (D:1)
  3 orcs (D:3)
  9 ball pythons
  9 bats
  9 endoplasms
  3 giant cockroaches
  9 goblins
  5 hobgoblins
  4 quokkas
  3 frilled lizards
  7 kobolds
  3 rats
73 creatures vanquished.

Vanquished Creatures (collateral kills)
  A goblin (D:3)
  A kobold (D:3)
2 creatures vanquished.

Grand Total: 75 creatures vanquished

Notes
Turn   | Place    | Note
-------+----------+-------------------------------------------
     0 | D:1      | qeuew the Demonspawn Chaos Knight began the quest for the
                  | Orb.
     0 | D:1      | Reached XP level 1. HP: 18/18 MP: 1/1
    23 | D:1      | Found a faded altar of an unknown god.
    63 | D:1      | Reached skill level 1 in Dodging
   211 | D:1      | Gained mutation: A weak demonic guardian rushes to your
                  | aid. [demonic ancestry]
   211 | D:1      | Reached XP level 2. HP: 24/24 MP: 2/2
   448 | D:1      | XOM: noise
   602 | D:1      | Found Gerutifa's Jewellery Emporium.
   687 | D:1      | Gained mutation: A meltable shield of frost defends you.
                  | (SH +4) [demonic ancestry]
   687 | D:1      | Reached XP level 3. HP: 29/29 MP: 3/3
   761 | D:1      | XOM: polymorph butterfly -> goblin
  1326 | D:2      | Found a hazy altar of Hepliaklqana.
  1537 | D:3      | Gained mutation: You are partially covered in rugged brown
                  | scales. (AC +1, +3% HP) [demonic ancestry]
  1537 | D:3      | Reached XP level 4. HP: 29/36 MP: 4/4
  1561 | D:3      | XOM: 2-stop teleportation journey
  1623 | D:3      | Found a bloodstained altar of Trog.
  1756 | D:3      | Reached skill level 1 in Evocations
  1776 | D:3      | Reached XP level 5. HP: 38/42 MP: 5/5
  2153 | D:3      | Identified a scroll of acquirement
  2153 | D:3      | Acquired the staff of conjuration "Xeumy" {Str+8}
  2204 | D:4      | Noticed an ogre
  2207 | D:4      | XOM: fake destruction
  2208 | D:4      | XOM: give mutations
  2208 | D:4      | Gained mutation: You are clumsy. (Dex -2) [Xom's mischief]
  2208 | D:4      | Gained mutation: Your body sometimes deteriorates upon
                  | taking damage. [Xom's mischief]
  2208 | D:4      | Gained mutation: You are occasionally teleported next to
                  | monsters. [Xom's mischief]
  2238 | D:4      | Mangled by an ogre

Illustrated notes

Levels and vault maps discovered:
D:1:      lightli_arrival_chessboard, layout_loops_ring,
          ebering_ecumenical_altar_rust, serial_shops, nicolae_shop_waterfront,
          chequers_serial_rivers_micro_d, minmay_3d_cube
D:2:      layout_loops_cross, basic_altar, mrwooster_statue_mirror
D:3:      layout_basic, trog_butcher_becter
D:4:      nicolae_cairo_tiling_very_big, layout_basic,
          mainiacjoe_overflow_alcove_1, nicolae_overflow_quartered_altars,
          kennysheep_generic_room_6

Skill      XL: |  1  2  3  4 |
---------------+-------------+-----
Armour         | 2 3 |  3.1
Dodging        | 1 |  1.7
Maces & Flails | 3 |  3.7
Evocations     | 1 |  1.3
Fighting       | |  3.6
Staves         | |  0.1

Action                     |  1- 3 |  4- 6 || total
---------------------------+-------+-------++-------
  Melee: Mace              |   127 |    64 ||   191
         Staff             |       |    33 ||    33
         Punch             |       |     1 ||     1
    Use: Scroll            |     5 |     1 ||     6
         Potion            |     2 |     1 ||     3
   Stab: Sleeping          |     3 |       ||     3
 Armour: Leather armour    |    69 |    47 ||   116
  Dodge: Dodged            |    97 |    75 ||   172
  Block: Other             |    10 |    22 ||    32

Table legend: (Time is in decaauts)
 A = Elapsed time spent in this place.
 B = Non-inter-level travel time spent in this place.
 C = Inter-level travel time spent in this place.
 D = Time resting spent in this place.
 E = Time spent auto-exploring this place.
 F = Levels seen in this place.
 G = Mean time per level.
                   A        B        C        D        E       F      G
               +--------+--------+--------+--------+--------+-----+--------+
         Total |   2284 |   2159 |    125 |     79 |   1600 |   4 |  571.0 |
       Dungeon |   2284 |   2159 |    125 |     79 |   1600 |   4 |  571.0 |
               +--------+--------+--------+--------+--------+-----+--------+

Top non-repeatable levels by time:
     D:1: 886 daAuts
     D:3: 675 daAuts
     D:2: 672 daAuts
     D:4: 50 daAuts
